 Dungeon Crawl Stone Soup version 0.31-a0-355-g57cb03d3e8 (webtiles) character file.

Game seed: 1167173585175493668

315 dinky3 the Sneak (level 6, 43/43 HPs)
             Began as a Vampire Enchanter on July 24, 2023.
             Was a Priest of Cheibriados.
             Quit the game on level 3 of the Dungeon.
             The game lasted 00:07:15 (1152 turns).

dinky3 the Sneak (Vampire Enchanter)                Turns: 1152, Time: 00:07:16

Health: 43/43      AC:  2    Str: 15    XL:     6   Next: 19%
Magic:  9/9        EV: 13    Int: 24    God:    Cheibriados [***...]
Gold:   176        SH:  0    Dex: 24    Spells: 2/10 levels left

rFire   . . .        p - +7 dagger of the Wraith {venom, rC+ rN++ Int-2 Stlth+}
rCold   + . .        (no shield)
rNeg    + + .        b - +0 robe
rPois   .            (no helmet)
rElec   .            (no cloak)
rCorr   .            (no gloves)
SInv    +            (no boots)
Will    .....        (no amulet)
Stlth   +++++        (no ring)
HPRegen 0.47/turn    (no ring)
MPRegen 0.11/turn

%: no passive effects
@: healing quickly, very slow
A: alive, fangs 3, see invisible, vampiric 2
a: Exsanguinate, Renounce Religion, Bend Time, Temporal Distortion


You were on level 3 of the Dungeon.
You worshipped Cheibriados.
Cheibriados was most pleased with you.
You visited 1 branch of the dungeon, and saw 4 of its levels.

You collected 176 gold pieces.

Inventory:

Hand Weapons
 a - a +1 dagger
 p - the +7 dagger of the Wraith (weapon) {venom, rC+ rN++ Int-2 Stlth+}
   (You took it off an orc on level 3 of the Dungeon)

   Int:       It affects your intelligence (-2).
   rC:        It protects you from cold.
   rN:        It greatly protects you from negative energy.
   Stlth:     It makes you more stealthy.
Missiles
 d - 5 atropa-tipped darts
Armour
 b - a +0 robe (worn)
 f - a +0 buckler
Scrolls
 e - a scroll of immolation
 j - 2 scrolls of fog {unknown}
 k - a scroll of fear {unknown}
 o - a scroll of vulnerability {unknown}
Potions
 h - 2 potions of curing
 i - 2 potions of haste
 l - a potion of enlightenment
 m - 3 potions of resistance
 n - a potion of degeneration {unknown}


   Skills:
 + Level 1.0 Fighting
 + Level 4.3 Short Blades
 - Level 2.1 Dodging
 + Level 7.6 Stealth
 + Level 2.5 Spellcasting
 - Level 1.0 Conjurations
 - Level 4.4 Hexes


You had 2 spell levels left.
You knew the following spells:

 Your Spells              Type           Power      Damage    Failure   Level
a - Ensorcelled Hibernat  Hex/Ice        26%        N/A       7%          2
b - Confusing Touch       Hex            24%        N/A       5%          3
c - Dazzling Flash        Conj/Hex       32%        N/A       11%         3

Your spell library contained the following spells:

 Spells                   Type           Power      Damage    Failure   Level
 Shock                    Conj/Air       20%        1d4       10%         1
 Tukima's Dance           Hex            24%        N/A       5%          3
 Swiftness                Air            3%         N/A       34%         3
 Airstrike                Air            1%         2d(1-17)  75%         4


Dungeon Overview and Level Annotations

Branches:
Dungeon (4/15) Zot: 34392
 Temple: D:4-7

Altars:
Cheibriados
Nemelex Xobeh
Ru

Shops:
D:2 :   D:3 !


Innate Abilities, Weirdness & Mutations

Your natural rate of healing is accelerated.
You have razor-sharp teeth.
You have supernaturally acute eyesight. (SInv)
You are afflicted with vampirism and can become a bat while bloodless.


Message History

You puncture the worm!
The worm is heavily wounded.
The worm bites you!
You hit the worm.
The worm is poisoned.
The worm is severely wounded.
You puncture the worm!
You kill the worm!
Cheibriados appreciates the change of pace.
You hit the worm.
The worm is moderately wounded.
The worm falls through a shaft!
The shaft crumbles and collapses.
You hit the worm.
The worm is poisoned.
The worm is heavily wounded.
The worm barely misses you.
You puncture the worm!
The worm looks as sick as possible!
The worm is almost dead.
You hit the worm.
You kill the worm!
Found 8 stones.
Things that are here:
a worm corpse; a worm corpse The frilled lizard hisses angrily.
The frilled lizard attacks as you move away!
The frilled lizard misses you.
The frilled lizard bites you but does no damage.
The frilled lizard barely misses you.
You hit the frilled lizard.
You kill the frilled lizard!
Cheibriados appreciates the change of pace.
Found Jekouquf's Distillery.
You open the door.
There is an open door here.
There is an entrance to Jekouquf's Distillery here.
As you read the scroll of identify, it crumbles to dust.
i - 2 potions of haste
As you read the scroll of identify, it crumbles to dust.
l - a potion of enlightenment
As you read the scroll of identify, it crumbles to dust.
m - 3 potions of resistance Are you sure you want to abandon this character and quit the game? (Confirm with "yes".)

.....# #.#.#
###### ..#.#
#.#.# #.#.#
...####.#.##
#..........##
.#####.##..#
##.###.#
#..#@'.#
#..#####
......##
######. ≈~
... ### ..##
#.# ## #.##


There were no monsters in sight!

Vanquished Creatures
  4 orc priests
  Jessica (D:2)
  Natasha (twice) (D:3)
  4 adders
  3 worms
  A dart slug (D:2)
  12 orcs
  5 bats
  4 endoplasms
  3 giant cockroaches
  4 goblins
  5 hobgoblins
  5 kobolds
  2 quokkas
  4 ball pythons
  3 frilled lizards
  6 rats
68 creatures vanquished.

Notes
Turn   | Place    | Note
-------+----------+-------------------------------------------
     0 | D:1      | dinky3 the Vampire Enchanter began the quest for the Orb.
     0 | D:1      | Reached XP level 1. HP: 13/13 MP: 3/3
    36 | D:1      | Found a faded altar of an unknown god.
    45 | D:1      | Prayed at the altar of an unknown god.
    45 | D:1      | Became a worshipper of Cheibriados the Contemplative
    45 | D:1      | Reached * piety under Cheibriados
   302 | D:2      | Reached XP level 2. HP: 19/19 MP: 5/5
   305 | D:2      | Learned a level 2 spell: Ensorcelled Hibernation
   320 | D:2      | Found a sparkling altar of Nemelex Xobeh.
   341 | D:2      | Reached skill level 5 in Stealth
   398 | D:2      | Reached ** piety under Cheibriados
   404 | D:2      | Found Ohadyuq's Book Shop.
   409 | D:2      | Noticed Jessica
   422 | D:2      | Killed Jessica
   423 | D:2      | Gained mutation: You are afflicted with vampirism and can
                  | become a bat while bloodless. [Vampire growth]
   423 | D:2      | Reached XP level 3. HP: 10/24 MP: 6/6
   500 | D:2      | Reached skill level 6 in Stealth
   531 | D:3      | Reached XP level 4. HP: 27/30 MP: 4/7
   582 | D:3      | Found a sacrificial altar of Ru.
   716 | D:4      | Reached *** piety under Cheibriados
   850 | D:3      | Reached skill level 7 in Stealth
   850 | D:3      | Reached XP level 5. HP: 16/35 MP: 5/8
   899 | D:3      | Learned a level 3 spell: Confusing Touch
   903 | D:3      | Learned a level 3 spell: Dazzling Flash
   910 | D:3      | Noticed Natasha
   915 | D:3      | Killed Natasha
   936 | D:3      | Identified the +7 dagger of the Wraith {venom, rC+ rN++
                  | Int-2 Stlth+}
  1068 | D:3      | Reached skill level 1 in Conjurations
  1068 | D:3      | Reached XP level 6. HP: 20/42 MP: 9/9
  1071 | D:3      | Noticed Natasha
  1080 | D:3      | Killed Natasha
  1101 | D:3      | Reached skill level 1 in Fighting
  1137 | D:3      | Found Jekouquf's Distillery.
  1152 | D:3      | Quit the game

Illustrated notes

Levels and vault maps discovered:
D:1:      onia_arrival_mini_spirals, layout_basic,
          shapermc_ecumenical_altar_mp_highgroup, serial_glass, glass_columns_b,
          glass_columns_a, glass_columns_b, glass_columns_a, glass_columns_a,
          glass_columns_a, glass_columns_a, glass_columns_a, glass_columns_b,
          glass_columns_c
D:2:      layout_basic, serial_shops, nicolae_square_shop, basic_altar,
          chequers_mini_garden, lemuel_flame_loot_1, uniq_jessica
D:3:      layout_basic, nicolae_ru_sacrificial_ziggurat, serial_shops,
          nicolae_shop_window_shopping, serial_rivers,
          chequers_serial_rivers_micro_c, chequers_serial_rivers_small_a,
          chequers_serial_rivers_micro_b, chequers_serial_rivers_small_3,
          kennysheep_cross_bottleneck, nicolae_wormholes, uniq_natasha
D:4:      layout_basic

Skill      XL: |  1  2  3  4  5  6 |
---------------+-------------------+-----
Stealth        | 5 6 7 |  7.6
Short Blades   | 2 3 4 |  4.3
Conjurations   | 1 |  1.0
Fighting       | 1 |  1.0
Dodging        | |  2.1
Spellcasting   | |  2.5
Hexes          | |  4.4

Action                     |  1- 3 |  4- 6 || total
---------------------------+-------+-------++-------
  Melee: Dagger            |    75 |    75 ||   150
         Bite              |    10 |     4 ||    14
         Punch             |     2 |     2 ||     4
  Throw: Dart              |       |     1 ||     1
   Cast: Ensorcelled Hiber |     4 |    14 ||    18
    Use: Potion            |     1 |     4 ||     5
         Scroll            |     1 |     3 ||     4
   Stab: Sleeping          |     7 |    18 ||    25
         Invisible         |     3 |     4 ||     7
         Distracted        |     1 |       ||     1
 Armour: Robe              |    21 |    15 ||    36
  Dodge: Dodged            |    81 |    61 ||   142

Table legend: (Time is in decaauts)
 A = Elapsed time spent in this place.
 B = Non-inter-level travel time spent in this place.
 C = Inter-level travel time spent in this place.
 D = Time resting spent in this place.
 E = Time spent auto-exploring this place.
 F = Levels seen in this place.
 G = Mean time per level.
                   A        B        C        D        E       F      G
               +--------+--------+--------+--------+--------+-----+--------+
         Total |   1586 |   1550 |     36 |      0 |      0 |   4 |  396.5 |
       Dungeon |   1586 |   1550 |     36 |      0 |      0 |   4 |  396.5 |
               +--------+--------+--------+--------+--------+-----+--------+

Top non-repeatable levels by time:
     D:3: 545 daAuts
     D:2: 444 daAuts
     D:1: 326 daAuts
     D:4: 270 daAuts
